Map: King Sejong Station LE

Players

blackxored

  • Race: Zerg Zerg
  • League: Diamond

Gumby - Winner!

  • Race: Zerg Zerg

VOD

Have the link to the VOD?

Description

Time

  • Played on: July 3, 2016, 10:18 a.m.
  • Length: 11:51
Show
View Real Time Build Order
Export as new Build Order

blackxored Zerg 

Build Orders: Hatch First 

Get SALT Encoding   

  12  0:01  Drone  
  13  0:08  Drone  
  14  0:16  Overlord  
  14  0:21  Extractor  
  14  0:23  Drone  
  15  0:35  Drone  
  15  0:36  Drone  
  17  0:56  Hatchery  
  16  0:59  Drone  
  16  1:03  Drone  
  18  1:13  Extractor  
  17  1:25  Spawning Pool  
  17  1:27  Drone  
  17  1:28  Drone x2  
  19  1:51  Overlord  
  19  2:13  Zergling x2, Spine Crawler  
  19  2:14  Zergling x6  
  21  2:17  Baneling Nest  
  21  2:19  Zergling x2  
  21  2:20  Queen  
  23  2:27  Zergling x2  
  23  2:38  Zergling x4  
  23  2:39  Metabolic Boost  
  25  2:57  Drone x2  
  27  3:11  Hatchery  
  26  3:17  Baneling  
  26  3:18  Baneling  
  24  3:21  Zergling x2  
  22  3:29  Zergling x8  
  26  3:37  Zergling x2  
  26  3:48  Hatchery  
  26  3:51  Zergling x2  
  26  3:52  Baneling x2  
  26  4:00  Zergling x2  
  27  4:07  Zergling x4  
  27  4:08  Overlord  
  29  4:24  Lair  
  29  4:46  Drone  
  29  4:47  Drone x5  
  35  4:59  Overlord  
  35  5:03  Drone  
  35  5:05  Drone  
  37  5:08  Extractor, Drone  
  37  5:09  Drone  
  37  5:11  Drone  
  37  5:14  Drone  
  40  5:26  Spire  
  40  5:27  Drone  
  40  5:30  Drone  
  41  5:41  Queen  
  42  5:51  Drone x4  
  46  6:02  Drone x2  
  48  6:04  Overlord  
  48  6:14  Drone  
  48  6:18  Zergling x4  
  51  6:23  Baneling x3  
  51  6:25  Overlord  
  50  6:36  Baneling  
  50  6:38  Mutalisk x3  
  55  6:42  Drone x2  
  55  6:45  Extractor  
  55  6:46  Extractor  
  56  6:47  Drone  
  56  6:49  Drone  
  56  6:52  Overseer  
  57  6:55  Overlord  
  57  7:09  Drone x2  
  57  7:10  Drone x4  
  63  7:19  Zergling x4  
  63  7:20  Zergling x4  
  67  7:23  Baneling  
  67  7:30  Zergling x8  
  67  7:32  Mutalisk, Hatchery  
  67  7:37  Drone  
  39  7:49  Mutalisk x2  
  40  7:53  Baneling x2  
  38  8:09  Zergling x12  
  43  8:14  Evolution Chamber  
  41  8:30  Mutalisk x2  
  42  8:47  Hatchery  
  37  8:51  Mutalisk  
  39  9:03  Zergling x6  
  39  9:24  Mutalisk  
  39  9:27  Baneling x3  
  36  9:53  Mutalisk  
  36  9:58  Zergling x4  
  40  10:08  Overlord  
  40  10:15  Drone, Evolution Chamber  
  40  10:16  Queen  
  42  10:41  Hatchery  
  42  10:42  Mutalisk  
  41  10:45  Baneling x2  
  42  11:03  Mutalisk x2  
  45  11:28  Spawning Pool  
Show
View Real Time Build Order
Export as new Build Order

Gumby Zerg - Winner!

Build Orders: Pool First 

Get SALT Encoding   

  12  0:18  Spawning Pool  
  11  0:22  Drone  
  11  0:26  Drone  
  13  0:30  Drone  
  13  0:34  Extractor  
  13  0:44  Overlord  
  13  1:04  Queen  
  13  1:08  Zergling x2  
  13  1:09  Zergling x2  
  18  1:11  Zergling x2  
  18  1:20  Zergling x2  
  19  1:31  Drone  
  20  1:42  Metabolic Boost  
  20  1:48  Zergling x2  
  21  1:55  Zergling x2  
  22  2:03  Overlord  
  22  2:24  Zergling x4  
  22  2:28  Hatchery  
  23  2:39  Zergling x6  
  26  2:48  Drone x2  
  28  3:02  Spine Crawler  
  28  3:04  Drone x2  
  25  3:39  Queen  
  26  3:43  Evolution Chamber  
  26  3:45  Drone  
  26  3:46  Drone x5  
  31  3:57  Spine Crawler  
  31  4:00  Drone  
  31  4:01  Drone  
  32  4:09  Overlord  
  32  4:14  Drone x2  
  34  4:29  Zergling x10  
  39  4:33  Evolution Chamber  
  39  4:36  Evolution Chamber  
  37  4:42  Zerg Ground Armor Level 1  
  37  4:53  Drone x5  
  42  5:02  Roach Warren  
  41  5:10  Drone x3  
  44  5:15  Overlord  
  44  5:23  Zerg Melee Weapons Level 1  
  44  5:50  Queen  
  44  5:51  Hatchery  
  44  5:52  Zergling x14  
  44  5:54  Overlord  
  52  5:57  Overlord  
  52  6:04  Overlord x2  
  52  6:12  Zergling x8  
  56  6:23  Drone x2  
  56  6:24  Drone x3  
  58  6:42  Queen  
  58  6:43  Zergling x2  
  58  6:44  Zergling x12  
  67  6:47  Spore Crawler  
  67  6:51  Zergling x2  
  66  7:02  Zergling x8  
  66  7:05  Spore Crawler  
  66  7:06  Spore Crawler  
  67  7:15  Zergling x2  
  68  7:16  Zergling x8  
  68  7:17  Spore Crawler  
  57  7:38  Zergling x2  
  57  7:39  Zergling x8  
  55  7:54  Zergling x2  
  55  7:55  Zergling x12  
  59  7:58  Lair  
  59  8:00  Drone  
  53  8:25  Zergling x2  
  53  8:26  Zergling x18  
  63  8:30  Spore Crawler  
  63  8:31  Drone  
  53  8:50  Zergling x16  
  56  9:03  Zergling x2  
  56  9:04  Zergling x4  
  56  9:05  Zerg Melee Weapons Level 2  
  57  9:13  Hatchery  
  48  9:27  Zergling x2  
  48  9:28  Zergling x16  
  49  9:48  Zergling x8  
  49  9:49  Zergling x2  
  49  9:51  Zergling x2  
  49  9:52  Zergling x36  
  70  10:00  Overseer  
  70  10:05  Drone x2  
  70  10:06  Zergling x2  
  76  10:07  Zergling x6  
  76  10:21  Zergling x12  
  77  10:25  Queen  
  77  10:26  Overlord, Drone  
  85  10:44  Drone x2  
  85  10:45  Drone x9  
  85  10:48  Spore Crawler  
  62  11:26  Drone  
  62  11:27  Zergling x2, Spore Crawler, Drone x4  
  62  11:28  Zergling x26  
  80  11:34  Extractor  
  80  11:35  Spire  
Tags
 
Add a new tag
Caveats
  • Supply blocks, unpowered buildings, or Contaminate may cause inaccurate times.
  • Supply counts are checked every 10 seconds.